cohdb
Replays
Latest Replays
All Replays
Popular Replays
Top Player Replays
Match Explorer
How It Works
Community
CoH3 Stats
Reddit
Sign in to upload your games and track your stats! →
Sign in with Steam
Match 47135876
Unlisted
Match 47135876
Overview
Messages
Build Orders
End
250 Light Carrier
Panzerpioneer Squad
250 Light Carrier
Construct Light Support Kompanie
Combat Half-tracks
Panzerjäger Squad
Panzerjäger Squad
Selects Armored Support Battlegroup
Selects Superior Fire Drills
Panzerjäger Mechanized Group
Panzerjäger Squad
Fire Support Elements
Construct Panzerarmee Kommand
Be Frabjous
Henk
Czoppo.
It's Takotime
DeadLogic
KızdırılmışTütünÇubuğu
Pholi
Mansonfreakss
0
0
Comments
sign in to comment!
No comments posted yet!